 Dungeon Crawl Stone Soup version 0.30-a0-4-ga7cffc901d (webtiles) character file.

Game seed: 9705968827920368083

97 frimble the Digger (level 4, -2/34 HPs)
             Began as a Demonspawn Earth Elementalist on Aug 20, 2022.
             Slain by Grinder (5 damage)
             ... on level 4 of the Dungeon.
             The game lasted 00:03:19 (2577 turns).

frimble the Digger (Demonspawn Earth Elementalist)  Turns: 2577, Time: 00:03:19

Health: -2/34      AC:  5    Str: 11    XL:     4   Next: 42%
Magic:  7/7        EV: 10    Int: 16    God:
Gold:   133        SH:  0    Dex: 13    Spells: 5/7 levels left

rFire   . . .      SeeInvis .    e - +0 dagger
rCold   . . .      Faith    .    (no shield)
rNeg    . . .      Spirit   .    g - +0 ring mail
rPois   .          Reflect  .    (helmet restricted)
rElec   .          Harm     .    (no cloak)
rCorr   .          Rampage  .    (no gloves)
Will    .....                    (no boots)
Stlth   +.........               m - amulet of magic regeneration
HPRegen 0.11/turn                (no ring)
MPRegen 0.60/turn                (no ring)

@: brilliant, on berserk cooldown, very slightly contaminated, slowed, very slow
A: horns 1, magic regeneration
a: no special abilities


You were on level 4 of the Dungeon.
You visited 1 branch of the dungeon, and saw 4 of its levels.

You collected 133 gold pieces.

Inventory:

Hand Weapons
 e - a +0 dagger (weapon)
Missiles
 c - 6 poisoned darts
Armour
 g - a +0 ring mail (worn)
 n - a +2 helmet
Jewellery
 m - an amulet of magic regeneration (around neck)
Scrolls
 a - 2 scrolls of magic mapping
 i - a scroll of blinking
Potions
 b - a potion of magic
 d - a potion of brilliance
 f - a potion of heal wounds
 h - a potion of berserk rage
 j - a potion of haste {unknown}
 k - a potion of curing {unknown}
 l - a potion of flight {unknown}


   Skills:
 + Level 2.3 Fighting
 - Level 1.7 Dodging
 - Level 1.7 Stealth
 + Level 2.1 Unarmed Combat
 - Level 2.0 Spellcasting
 - Level 2.0 Transmutations
 - Level 2.6 Earth Magic


You had 5 spell levels left.
You knew the following spells:

 Your Spells              Type           Power      Damage    Failure   Level
a - Sandblast             Erth           30%        2d9       17%         1
b - Apportation           Tloc           4%         N/A       45%         1

Your spell library contained the following spells:

 Spells                   Type           Power      Damage    Failure   Level
 Passwall                 Tmut/Erth      10%        N/A       28%         2
 Sting                    Tmut/Pois      28%        1d4       32%         1
 Necrotise                Necr           8%         1d4       45%         1
 Summon Small Mammal      Summ           8%         N/A       45%         1
 Poisonous Vapours        Pois/Air       4%         N/A       58%         2
 Stone Arrow              Conj/Erth      16%        3d8       65%         3
 Petrify                  Tmut/Erth      13%        N/A       88%         4
 Olgreb's Toxic Radiance  Pois           2%         N/A       99%         4


Dungeon Overview and Level Annotations

Branches:
Dungeon (4/15)
 Temple: D:4-7

Altars:
Xom

Annotations:
D:3 Terence
D:4 Grinder


Innate Abilities, Weirdness & Mutations

You have a pair of small horns on your head.
You regenerate magic rapidly.


Message History

Aim: Grinder (severely wounded, 80% to hit)
You feel a surge of power!
You miscast Sandblast.
You are very lightly contaminated with residual magic.
Nothing appears to happen.
Aiming: Sandblast (safe; 17% risk of failure)
Press: ? - help, Q - select action, (/) - cycle Shift-Dir - straight line, f/p - Grinder
Aim: Grinder (severely wounded, 80% to hit)
You feel a surge of power!
You miscast Sandblast.
Nothing appears to happen.
You feel much better. Grinder hits you but does no damage. x2
Aiming: Sandblast (safe; 17% risk of failure)
Press: ? - help, Q - select action, (/) - cycle Shift-Dir - straight line, f/p - Grinder
Aim: Grinder (severely wounded, 80% to hit)
You feel a surge of power!
The blast of sand hits Grinder.
Grinder is severely wounded.
Grinder barely misses you. Grinder hits you.
You writhe in agony.
Aiming: Sandblast (safe; 17% risk of failure)
Press: ? - help, Q - select action, (/) - cycle Shift-Dir - straight line, f/p - Grinder
Aim: Grinder (severely wounded, 80% to hit)
You feel a surge of power!
The blast of sand hits Grinder.
Grinder is severely wounded.
Grinder hits you!
You writhe in agony.
Grinder misses you.
Aiming: Sandblast (safe; 17% risk of failure)
Press: ? - help, Q - select action, (/) - cycle Shift-Dir - straight line, f/p - Grinder
Aim: Grinder (severely wounded, 80% to hit)
You feel a surge of power!
The blast of sand hits Grinder.
Grinder is almost dead.
Grinder hits you but does no damage. Grinder gestures at you.
Pain shoots through your body!
* * * LOW HITPOINT WARNING * * *
Aiming: Sandblast (safe; 17% risk of failure)
Press: ? - help, Q - select action, (/) - cycle Shift-Dir - straight line, f/p - Grinder
Aim: Grinder (almost dead, 80% to hit)
You feel a surge of power!
The blast of sand hits Grinder.
Grinder is almost dead.
Grinder closely misses you. Grinder hits you but does no damage.
Grinder hits you.
* * * LOW HITPOINT WARNING * * *
You writhe in agony.
You die...

..... #....###
#.<....#
##.....#
#......##
.......### .
#.....##
....###..)<.###
......5@......#
.............##
..[........###
.........###
.?......##
.#.......
#.......
##......


You could see Grinder.

Vanquished Creatures
  Jessica (D:2)
  2 adders (D:2)
  2 worms
  A dart slug (D:1)
  A bat (D:1)
  6 endoplasms
  A giant cockroach (D:1)
  9 goblins
  7 hobgoblins
  2 jackals (D:1)
  A quokka (D:1)
  2 ball pythons
  2 frilled lizards (D:1)
  A kobold (D:2)
  2 rats
40 creatures vanquished.

Notes
Turn   | Place    | Note
-------+----------+-------------------------------------------
     0 | D:1      | frimble the Demonspawn Earth Elementalist began the quest
                  | for the Orb.
     0 | D:1      | Reached XP level 1. HP: 13/13 MP: 3/3
    17 | D:1      | Reached skill level 1 in Transmutations
   405 | D:1      | Discovered your monstrous ancestry.
   405 | D:1      | Gained mutation: You have a pair of small horns on your
                  | head. [demonic ancestry]
   405 | D:1      | Reached XP level 2. HP: 19/19 MP: 3/5
  1235 | D:1      | Reached skill level 1 in Fighting
  1247 | D:1      | Reached skill level 1 in Unarmed Combat
  1335 | D:1      | Reached XP level 3. HP: 26/26 MP: 6/6
  1848 | D:2      | Learned a level 1 spell: Apportation
  1871 | D:2      | Found a faded altar of an unknown god.
  1875 | D:2      | Noticed Jessica
  1885 | D:2      | Found a shimmering altar of Xom.
  2133 | D:2      | Killed Jessica
  2134 | D:2      | Gained mutation: You regenerate magic rapidly. [demonic
                  | ancestry]
  2134 | D:2      | Reached XP level 4. HP: 27/33 MP: 0/7
  2524 | D:3      | Noticed Terence
  2556 | D:4      | Noticed Grinder
  2577 | D:4      | Slain by Grinder

Illustrated notes

Levels and vault maps discovered:
D:1:      shiori_arrival_elements, layout_basic, minmay_misc_feat_encased,
          hangedman_abyss_or_decor_lesser_grid, chequers_arboretum
D:2:      layout_basic, nicolae_ecumenical_pavilion, basic_altar, uniq_jessica
D:3:      layout_basic, mainiacjoe_overflow_six_doors_small,
          amcnicky_mini_rare_corridor_liquid, minmay_misc_feat_secret_circle,
          minmay_goblin_outpost, uniq_terence
D:4:      layout_cave_pools, uniq_grinder, uniq_blork_the_orc

Skill      XL: |  1  2  3 |
---------------+----------+-----
Transmutations | 1 2 |  2.0
Fighting       | 1 2 |  2.3
Unarmed Combat | 1 2 |  2.1
Dodging        | |  1.7
Stealth        | |  1.7
Spellcasting   | |  2.0
Earth Magic    | |  2.6

Action                   |  1- 3 |  4- 6 || total
-------------------------+-------+-------++-------
Melee: Dagger            |    61 |    14 ||    75
       Unarmed           |     3 |       ||     3
       Headbutt          |     7 |     3 ||    10
       Punch             |       |     1 ||     1
Throw: Dart              |     4 |       ||     4
 Cast: Sandblast         |    32 |    11 ||    43
  Use: Scroll            |     5 |     1 ||     6
       Potion            |       |     3 ||     3
 Stab: Sleeping          |     2 |       ||     2
Armor: Robe              |    13 |       ||    13
       Ring mail         |       |    14 ||    14
Dodge: Dodged            |    52 |    11 ||    63

Table legend: (Time is in decaauts)
 A = Elapsed time spent in this place.
 B = Non-inter-level travel time spent in this place.
 C = Inter-level travel time spent in this place.
 D = Time resting spent in this place.
 E = Time spent auto-exploring this place.
 F = Levels seen in this place.
 G = Mean time per level.
                   A        B        C        D        E       F      G
               +--------+--------+--------+--------+--------+-----+--------+
         Total |   2597 |   2573 |     24 |     32 |   2133 |   4 |  649.2 |
       Dungeon |   2597 |   2573 |     24 |     32 |   2133 |   4 |  649.2 |
               +--------+--------+--------+--------+--------+-----+--------+

Top non-repeatable levels by time:
     D:1: 1771 daAuts
     D:2: 580 daAuts
     D:3: 222 daAuts
     D:4: 23 daAuts
